 Dungeon Crawl Stone Soup version 0.21.1-1-g345015f (webtiles) character file.

42 ninurtach the Changer (level 3, 0/28 HPs)
             Began as a Draconian Transmuter on May 4, 2018.
             Succumbed to an adder's poison
             ... on level 2 of the Dungeon.
             The game lasted 00:03:13 (1669 turns).

ninurtach the Changer (Draconian Transmuter)        Turns: 1669, Time: 00:03:14

Health: 0/28       AC:  5    Str: 10 (12) XL:     3   Next: 35%
Magic:  5/6        EV: 12    Int: 13 (14) God:
Gold:   71         SH:  0    Dex: 10 (11) Spells: 3/6 levels left

rFire    . . .     SeeInvis .     - Unarmed
rCold    . . .     Gourm    .   (no shield)
rNeg     . . .     Faith    .   (armour unavailable)
rPois    .         Spirit   .   (helmet restricted)
rElec    .         Reflect  .   (no cloak)
rCorr    .         Harm     .   (no gloves)
MR       .....                  (no boots)
Stlth    +.........             (no amulet)
HPRegen  0.09/turn              (no ring)
MPRegen  0.10/turn              (no ring)

@: lethally poisoned (0 -> -3)
A: unfitting armour, cold-blooded, AC +5
a: no special abilities


You were on level 2 of the Dungeon.
You were not hungry.

You visited 1 branch of the dungeon, and saw 2 of its levels.

You collected 71 gold pieces.

Inventory:

Missiles
 a - 27 arrows
Books
 b - a book of Changes

   Spells                             Type                      Level
   a - Beastly Appendage              Transmutation                1
   b - Sticks to Snakes               Transmutation                2
   c - Spider Form                    Transmutation/Poison         3
   d - Ice Form                       Ice/Transmutation            4
   e - Blade Hands                    Transmutation                5
Comestibles
 c - 5 rations
 d - a chunk of flesh


   Skills:
 - Level 1.1 Fighting
 - Level 1.7 Dodging
 - Level 3.0 Unarmed Combat
 - Level 2.0 Spellcasting
 * Level 3.8 Transmutations


You had 3 spell levels left.
You knew the following spells:

 Your Spells              Type           Power        Failure   Level  Hunger
a - Beastly Appendage     Tmut           ##....       5%          1    ##.....
b - Sticks to Snakes      Tmut           ##......     8%          2    ###....


Dungeon Overview and Level Annotations

Branches:
Dungeon (2/15)

Altars:


Innate Abilities, Weirdness & Mutations

Your plain brown scales are hard. (AC +5)
You cannot fit into any form of body armour.
You are cold-blooded and may be slowed by cold attacks.


Message History

You feel sick.
You take 1 damage, and have 3/28 hp.
Things that are here:
a dagger; a kobold corpse
* * * LOW HITPOINT WARNING * * *
You feel sick.
You see here an adder corpse.
You take 1 damage, and have 2/28 hp.
You butcher the adder corpse.
You see here a chunk of flesh.
Eat one of 2 chunks of flesh? (ye/n/q)
You eat one of the 2 chunks of flesh.
* * * LOW HITPOINT WARNING * * *
You feel sick.
You take 1 damage, and have 1/28 hp.
Okay, then.
Memorise Spider Form, consuming 3 spell levels and leaving 0?
You start memorising the spell.
You continue memorising.
Your memorisation is interrupted.
You die...

...#####........#####
#..# ###.###†#..# #...
...# #.#..# # #
#..#####.###.#S...
.#.#.#.S..S.......#..#.#
........#####.#####....#
....(...#####.# #####
.............%##
...##..#..@..)<# .#
#..#.####.## #.........#
#.>#.####.# ##.#.# #.#
#.#.# #.# #.. ... #.#
#.#


There were no monsters in sight!

Vanquished Creatures
  An adder (D:2)
  An ooze (D:1)
  A dart slug (D:1)
  2 bats (D:1)
  A giant cockroach (D:1)
  4 goblins
  2 hobgoblins (D:1)
  2 jackals (D:1)
  A quokka (D:2)
  A frilled lizard (D:1)
  5 kobolds
  4 rats (D:1)
25 creatures vanquished.

Vanquished Creatures (collateral kills)
  A hobgoblin (D:1)
  2 jackals (D:1)
3 creatures vanquished.

Grand Total: 28 creatures vanquished

Notes
Turn   | Place    | Note
-------+----------+-------------------------------------------
     0 | D:1      | ninurtach the Draconian Transmuter began the quest for the Orb.
     0 | D:1      | Reached XP level 1. HP: 16/16 MP: 3/3
   519 | D:1      | Reached XP level 2. HP: 15/23 MP: 3/5
   645 | D:1      | Learned a level 2 spell: Sticks to Snakes
  1100 | D:1      | Reached XP level 3. HP: 25/28 MP: 1/6
  1666 | D:2      | HP: 1/28 [poisoned by an adder]
  1669 | D:2      | Succumbed to an adder's poison

Skill      XL: |  1  2 |
---------------+-------+-----
Transmutations | 3 |  3.8
Fighting       | |  1.1
Dodging        | |  1.7
Unarmed Combat | |  3.0
Spellcasting   | |  2.0

Action                   || total
-------------------------++-------
Melee: Unarmed           ||    88
       Kick              ||     4
       Tailslap          ||     7
       Punch             ||     1
 Cast: Beastly Appendage ||     4
       Sticks to Snakes  ||     4
  Use: Potion            ||     1
 Stab: Distracted        ||     1
  Eat: Chunk             ||     3
Armor: Skin              ||    28
Dodge: Dodged            ||    58
